 Dungeon Crawl Stone Soup version 0.32-a0-975-g85d4e5bfdb (webtiles) character file.

Game seed: 10888247140770822458

86 Maxmaps the Caller (level 4, 0/30 HPs)
             Began as a Demonspawn Summoner on Apr 19, 2024.
             Succumbed to an adder's poison
             ... in a sewer.
             The game lasted 00:03:12 (2175 turns).

Maxmaps the Caller (Demonspawn Summoner)            Turns: 2175, Time: 00:03:13

Health: 0/30       AC:  2    Str:  8    XL:     4   Next: 27%
Magic:  12/16      EV: 11    Int: 23    God:
Gold:   157        SH:  0    Dex: 14    Spells: 2/7 levels left

rFire   . . .        (no weapon)
rCold   . . .        (no shield)
rNeg    . . .        a - +0 robe
rPois   .            (helmet restricted)
rElec   .            (no cloak)
rCorr   .            (no gloves)
SInv    .            (no boots)
Will    .....        (no amulet)
Stlth   ++           d - ring of magical power
HPRegen 0.25/turn    c - +6 ring of intelligence
MPRegen 0.15/turn

%: no passive effects
@: lethally poisoned (0 -> -8), inugami summoned
A: antennae 2
a: no special abilities


You were in a sewer.
You visited 1 branch of the dungeon, and saw 3 of its levels.
You also visited: Sewer.

You collected 157 gold pieces.

Inventory:

Armour
 a - a +0 robe (worn)
Jewellery
 c - a +6 ring of intelligence (right hand)
 d - a ring of magical power (left hand)
 h - an amulet of regeneration
Scrolls
 j - 2 scrolls of blinking
Potions
 b - a potion of magic
 f - a potion of lignification
 i - a potion of resistance {unknown}
 l - a potion of mutation {unknown}


   Skills:
 - Level 1.7 Dodging
 - Level 1.7 Stealth
 - Level 2.0 Spellcasting
 + Level 5.8 Summonings


You had 2 spell levels left.
You knew the following spells:

 Your Spells              Type           Power      Damage    Failure   Level
b - Call Imp              Summ           58%        N/A       1%          2
c - Call Canine Familiar  Summ           29%        N/A       3%          3

Your spell library contained the following spells:

 Spells                   Type           Power      Damage    Failure   Level
 Summon Small Mammal      Summ           100%       N/A       1%          1
 Summon Blazeheart Golem  Fire/Summ      15%        N/A       36%         4
 Summon Lightning Spire   Summ/Air       15%        N/A       36%         4


Dungeon Overview and Level Annotations

Branches:
Dungeon (3/15)              Sewer (1/1)

Altars:


Innate Abilities, Weirdness & Mutations

You have a pair of antennae on your head.


Message History

The adder completely misses you. The river rat misses your inugami.
Your cerulean imp hits the river rat from afar with a -2 spear.
Unknown command.
The adder hisses angrily.
You hit the river rat but do no damage.
The river rat is heavily wounded.
The adder bites you.
You are poisoned.
The adder poisons you!
A ball python comes into view.
The endoplasm freezes you.
You are frozen.
Your inugami closely misses the river rat.
The river rat bites you!
Your cerulean imp closely misses the river rat.
The ball python hisses angrily.
You hit the river rat but do no damage.
The river rat is heavily wounded.
You feel sick. The adder bites you.
You are more poisoned.
The adder poisons you! The endoplasm freezes you.
You are frozen.
* * * LOW HITPOINT WARNING * * *
Your inugami splashes around in the water.
The river rat closely misses you. The adder barely misses you.
Your cerulean imp hits the river rat from afar with a -2 spear.
You catch the helpless river rat completely off-guard!
You hit the river rat.
You kill the river rat!
* * * LOW HITPOINT WARNING * * *
You feel very sick.
A giant cockroach comes into view.
The endoplasm freezes you.
You are frozen.
* * * LOW HITPOINT WARNING * * *
The adder bites your inugami but does no damage.
The rat bites your inugami but does no damage.
Unknown command.
You die...
B.~ ..~# ~~.r# #~~S~## #.~Sr~## #~..Sr# #rJS#

#h.##
#.5@#
##~.#
##########
#..#
#...~†...#
#.~#
#..~~~.~~#
#..#
#~.####.~#
#~~# #~.#
#..# #~.#
#..# #.~#
#..# #..#
#..# #..#


You could see 2 adders, an endoplasm, 2 ball pythons, 4 rats, a friendly
cerulean imp (summoned) and a friendly inugami (summoned).

Vanquished Creatures
  A river rat (Sewer)
  3 endoplasms
  2 ball pythons
  2 kobolds (D:1)
8 creatures vanquished.

Vanquished Creatures (collateral kills)
  4 adders
  3 ball pythons
  7 endoplasms
  3 giant cockroaches
  3 goblins
  2 hobgoblins
  3 bats
  A frilled lizard (D:3)
  3 kobolds
  3 rats
32 creatures vanquished.

Grand Total: 40 creatures vanquished

Notes
Turn   | Place    | Note
-------+----------+-------------------------------------------
     0 | D:1      | Maxmaps the Demonspawn Summoner began the quest for the
                  | Orb.
     0 | D:1      | Reached XP level 1. HP: 13/13 MP: 3/3
   275 | D:1      | Gained mutation: You have a pair of small antennae on your
                  | head. [demonic ancestry]
   275 | D:1      | Reached XP level 2. HP: 15/19 MP: 5/5
   278 | D:1      | Learned a level 2 spell: Call Imp
   689 | D:1      | Found a faded altar of an unknown god.
  1011 | D:2      | Reached skill level 5 in Summonings
  1011 | D:2      | Reached XP level 3. HP: 11/24 MP: 6/6
  1024 | D:2      | Learned a level 3 spell: Call Canine Familiar
  1959 | D:3      | Found a glowing drain.
  1976 | D:3      | Gained mutation: You have a pair of antennae on your head.
                  | [demonic ancestry]
  1976 | D:3      | Reached XP level 4. HP: 15/30 MP: 7/7
  1999 | Sewer    | Entered a sewer
  2175 | Sewer    | Succumbed to an adder's poison

Illustrated notes

Levels and vault maps discovered:
D:1:      saegor_arrival_simple_a, layout_loops_cross,
          dreamdust_ecumenical_altar_angels_and_demons, nicolae_the_louvre
D:2:      layout_basic
D:3:      layout_basic, nicolae_yredelemnul_ghost_church, portal_sewer_entry_d,
          minmay_strange_pillars
Sewer:    sewer_hellmonk_slimy_pipes

Skill      XL: |  1  2 |
---------------+-------+-----
Summonings     | 5 |  5.8
Dodging        | |  1.7
Stealth        | |  1.7
Spellcasting   | |  2.0

Action                     |  1- 3 |  4- 6 || total
---------------------------+-------+-------++-------
  Melee: Unarmed           |   124 |    14 ||   138
         Punch             |     1 |       ||     1
   Cast: Summon Small Mamm |    11 |       ||    11
         Call Imp          |    18 |     3 ||    21
         Call Canine Famil |     2 |     3 ||     5
    Use: Scroll            |     6 |       ||     6
         Potion            |     1 |       ||     1
   Stab: Sleeping          |     1 |       ||     1
         Distracted        |       |     1 ||     1
 Armour: Robe              |    92 |    10 ||   102
  Dodge: Dodged            |    82 |    19 ||   101

Table legend: (Time is in decaauts)
 A = Elapsed time spent in this place.
 B = Non-inter-level travel time spent in this place.
 C = Inter-level travel time spent in this place.
 D = Time resting spent in this place.
 E = Time spent auto-exploring this place.
 F = Levels seen in this place.
 G = Mean time per level.
                   A        B        C        D        E       F      G
               +--------+--------+--------+--------+--------+-----+--------+
         Total |   2187 |   2116 |     71 |    113 |   1580 |   4 |  546.8 |
       Dungeon |   2004 |   1933 |     71 |     45 |   1526 |   3 |  668.0 |
         Sewer |    182 |    182 |      0 |     68 |     54 |   1 |  182.0 |
               +--------+--------+--------+--------+--------+-----+--------+

Top non-repeatable levels by time:
     D:1: 905 daAuts
     D:2: 637 daAuts
     D:3: 461 daAuts
   Sewer: 182 daAuts
